 Dungeon Crawl Stone Soup version 0.26-a0-542-gbaa144ba5c (webtiles) character file.

Game seed: 212867713133839917

(classic levelgen) 2968 EnegeticOcto the Cleaver (level 9, -8/74 HPs)
             Began as a Deep Dwarf Fighter on Aug 18, 2020.
             Was a Believer of Makhleb.
             Mangled by an ice dragon (9 damage)
             ... on level 13 of the Dungeon.
             The game lasted 00:13:00 (2204 turns).

EnegeticOcto the Cleaver (Deep Dwarf Fighter)       Turns: 2204, Time: 00:13:01

Health: -8/74      AC: 12    Str: 23    XL:     9   Next: 52%
Magic:  7/7        EV:  4    Int: 14    God:    Makhleb [**....]
Gold:   144        SH: 10    Dex: 12    Spells: 8/8 levels left

rFire    . . .     SeeInvis .   a - +1 war axe
rCold    . . .     Faith    .   c - +1 kite shield
rNeg     + . .     Spirit   .   q - +0 plate armour
rPois    .         Reflect  .   (no helmet)
rElec    .         Harm     .   t - +0 cloak "Mighula" {Int+5 Stlth-}
rCorr    .                      (no gloves)
MR       +....                  (no boots)
Stlth    ..........             (no amulet)
HPRegen  0.00/turn              n - ring of positive energy
MPRegen  0.10/turn              (no ring)

@: mighty, non-regenerating
A: damage resistance, heal wounds, sense surroundings 2, no regeneration
a: Heal Wounds, Minor Destruction, Renounce Religion


You were on level 13 of the Dungeon.
You worshipped Makhleb.
Makhleb was pleased with you.
You visited 2 branches of the dungeon, and saw 12 of its levels.
You also visited: Sewer.

You collected 362 gold pieces.
You spent 218 gold pieces at shops.

Inventory:

Hand Weapons
 a - a +1 war axe (weapon)
Armour
 b - a +0 scale mail
 c - a +1 kite shield (worn)
 f - the +1 ring mail "Lytett" {rN+ Regen+ Stlth+}
   (You found it on level 5 of the Dungeon)

   It protects you from negative energy.
   It increases your rate of regeneration.
   It makes you more stealthy.
 j - a +0 scale mail
 q - a +0 plate armour (worn)
 t - the +0 cloak "Mighula" (worn) {Int+5 Stlth-}
   (You bought it in a shop on level 4 of the Dungeon)

   It affects your intelligence (+5).
   It makes you less stealthy.
Jewellery
 n - a ring of positive energy (left hand)
Wands
 p - a wand of flame (7) {@v4}
Scrolls
 g - a scroll of magic mapping {@r5 !r}
 h - a scroll of fear {!r}
 o - a scroll of teleportation {@r3 !r}
 r - 2 scrolls of enchant weapon
 x - a scroll of blinking {@r4}
 y - a scroll of enchant armour
Potions
 e - 2 potions of curing {@q1 !q}
 i - 2 potions of invisibility
 k - a potion of brilliance
 l - 2 potions of flight
 m - a potion of heal wounds {@q2 !q}
 s - a potion of resistance
 u - 3 potions of berserk rage
 v - a potion of degeneration {unknown}
 w - a potion of haste {unknown}


   Skills:
 - Level 2.6 Fighting
 * Level 12.5 Axes
 - Level 3.2 Armour
 - Level 3.2 Shields
 - Level 8.0 Invocations
 - Level 2.0 Evocations


You had 8 spell levels left.
You didn't know any spells.
Your spell library was empty.

Dungeon Overview and Level Annotations

Branches:
Dungeon (10/15)            Temple (1/1) D:4            Lair (0/6) D:9
  Sewer (visited)
    Orc: D:9-12

Altars:
Cheibriados
Elyvilon
Hepliaklqana
Kikubaaqudgha
Makhleb
Qazlal
Sif Muna
Trog
Vehumet
Xom
The Shining One

Shops:
D:4 [   D:9 :

Annotations:
D:9 exclusion: statue


Innate Abilities, Weirdness & Mutations

You are resistant to damage.
You can heal yourself by infusing magical energy.
You passively map the area around you.
You do not regenerate.


Message History

You are blown backwards!
You block the wind drake's attack.
You miss the wind drake.
The wind drake is severely wounded.
You block the wind drake's attack.
You slash the wind drake!
The wind drake is severely wounded.
The wind drake exhales a fierce blast of wind!
You are blown backwards!
You block the wind drake's attack. The wind drake flaps its wings at you.
The air twists around and strikes you!
You slash the wind drake!
The wind drake is almost dead.
The wind drake flaps its wings at you. The air twists around and strikes you!
You barely miss the wind drake.
The wind drake is almost dead.
The wind drake exhales a fierce blast of wind!
You are blown backwards!
The wind drake bites you.
You slice the wind drake!!
You kill the wind drake!
Makhleb accepts your kill.
You feel much better.
Found 17 gold pieces.
An ice dragon comes into view.
The ice dragon roars deafeningly!
You hear a horrible gurgling sound!
The ice dragon breathes frost at you. The blast of cold hits you!!
You hear a shout!
You fail to use your ability.
You feel much better.
The ice dragon bites you but does no damage.
You block the ice dragon's attack.
The ice dragon tramples you but does no damage.
You feel much better. The ice dragon breathes frost at you.
The blast of cold hits you!!
Really quaff
d - a potion of might {@q3 !q}? [Y]es or [N]o only, please.
Really quaff
d - a potion of might {@q3 !q}? [Y]es or [N]o only, please.
Really quaff
d - a potion of might {@q3 !q}?
You feel very mighty all of a sudden. You block the ice dragon's attack.
The ice dragon claws you but does no damage.
The ice dragon tramples you.
You stumble backwards!
Press: ? - help, Shift-Dir - straight line, f - ice dragon
Aim: an ice dragon (catching its breath)
Okay, then.
You feel much better. You block the ice dragon's attack.
The ice dragon claws you.
The ice dragon tramples you but does no damage.
You barely miss the ice dragon. The ice dragon bites you!
The ice dragon claws you.
The ice dragon tramples you but does no damage.
A redback comes into view.
Your plate armour prevents you from hitting the ice dragon.
The ice dragon bites you!
The ice dragon claws you but does no damage.
The ice dragon tramples you.
You stumble backwards!
You slash the ice dragon!
The ice dragon is lightly wounded.
The redback changes into a snapping turtle!
The ice dragon bites you. The ice dragon claws you.
The ice dragon barely misses you.
You slash the ice dragon!
The ice dragon is moderately wounded.
The ice dragon breathes frost at you. The blast of cold hits you!!
You slash the ice dragon!
The ice dragon is moderately wounded.
The ice dragon barely misses you. The ice dragon claws you!
The ice dragon tramples you!
You hold your ground!
Your magical essence is drained by the effort!
You feel much better. The ice dragon breathes frost at you.
The blast of cold hits you!!
* * * LOW HITPOINT WARNING * * *
You feel much better.
The ice dragon bites you but does no damage.
You block the ice dragon's attack. x2
The snapping turtle bites you from afar!
* * * LOW HITPOINT WARNING * * *
You feel much better.
The snapping turtle bites you from afar.
The ice dragon breathes frost at you. The blast of cold hits you!!
* * * LOW HITPOINT WARNING * * *
You feel much better. The ice dragon bites you. The ice dragon claws you!
* * * LOW HITPOINT WARNING * * *
The ice dragon barely misses you.
The snapping turtle bites you from afar!!
* * * LOW HITPOINT WARNING * * *
Press: ? - help, Shift-Dir - straight line, f - ice dragon
Aim: an ice dragon (moderately wounded, catching its breath)
The ice dragon resists with significant effort.
The ice dragon bites you!
You die...

* *
#...(....###, *
* #.######.# , *
#.#####.# # , ,
, , #.......# ,
, #..###..#
#..###..######.*
,, ,
...............
*, ,,
.$#####...##...
* , , ,,,,
#.@........# , ,
,, #.D#######.#
* ,, ,, , ,,#.t#
, ,* # * * , ,
#..# ,,* *, , ,
*, #..# * * * ,
#... * * , ,, *
,#### * * * *, ,
, , , , , ,, * ,
* * ,


You could see an ice dragon (catching breath) and a snapping turtle shaped
shifter.

Vanquished Creatures
  An elephant (D:9)
  A troll (D:10)
  A wind drake (shapeshifter) (D:13)
  A yak (D:9)
  A basilisk (D:9)
  A steam dragon (D:10)
  An ice beast (D:9)
  5 ogres
  An orc warrior (D:8)
  A centaur (D:8)
  A necrophage (D:7)
  A crocodile (D:9)
  2 bullfrogs (D:8)
  A scorpion (D:7)
  A howler monkey (D:8)
  5 wights
  A hound (D:4)
  A centaur skeleton (D:4)
  3 orc priests
  2 bullfrog skeletons
  3 orc wizards
  A worker ant (D:4)
  4 gnolls (D:3)
  8 adders
  2 shadow imps (D:8)
  An ufetubus (D:7)
  8 oozes
  6 worms
  2 dart slugs
  3 leopard geckos
  15 orcs
  7 bats (Sewer)
  5 giant cockroaches
  2 goblins
  4 hobgoblins
  3 quokkas
  4 frilled lizards
  2 kobolds (D:2)
  4 rats
116 creatures vanquished.

Notes
Turn   | Place    | Note
-------+----------+-------------------------------------------
     0 | D:1      | EnegeticOcto the Deep Dwarf Fighter began the quest for the
                  | Orb.
     0 | D:1      | Reached XP level 1. HP: 20/20 MP: 1/1
    34 | D:1      | Reached skill level 3 in Axes
    34 | D:1      | Reached XP level 2. HP: 20/27 MP: 2/2
   152 | D:2      | Reached XP level 3. HP: 33/33 MP: 3/3
   153 | D:2      | Reached skill level 4 in Axes
   215 | D:3      | Reached XP level 4. HP: 30/40 MP: 4/4
   251 | D:3      | Reached skill level 5 in Axes
   285 | D:3      | Your magical essence is drained by the effort!
   341 | D:3      | Your magical essence is drained by the effort!
   405 | D:4      | Reached skill level 6 in Axes
   405 | D:4      | Reached XP level 5. HP: 45/46 MP: 3/3
   429 | D:4      | Reached skill level 1 in Evocations
   446 | D:4      | Found a staircase to the Ecumenical Temple.
   475 | Temple   | Entered the Ecumenical Temple
   483 | Temple   | Became a worshipper of Makhleb the Destroyer
   527 | D:4      | Found Aphobb's Antique Armour Emporium.
   581 | D:4      | Found a glowing drain.
   586 | Sewer    | Entered a sewer
   786 | D:4      | Reached * piety under Makhleb
   786 | D:4      | Reached skill level 2 in Evocations
   786 | D:4      | Reached XP level 6. HP: 42/55 MP: 4/4
   802 | D:5      | Entered Level 5 of the Dungeon
   823 | D:5      | Reached skill level 7 in Axes
   823 | D:5      | Reached skill level 1 in Invocations
   860 | D:5      | Got a fine ring mail
   871 | D:5      | Identified the +1 ring mail "Lytett" {rN+ Regen+ Stlth+}
                  | (You found it on level 5 of the Dungeon)
  1126 | D:4      | Reached skill level 2 in Invocations
  1386 | D:4      | Bought a glimmering cloak for 218 gold pieces
  1391 | D:4      | Identified the cursed +0 cloak "Mighula" {Int+5 Stlth-}
                  | (You bought it in a shop on level 4 of the Dungeon)
  1492 | D:6      | Reached XP level 7. HP: 44/61 MP: 5/7
  1504 | D:6      | Reached skill level 3 in Invocations
  1508 | D:6      | Reached skill level 8 in Axes
  1556 | D:7      | Your magical essence is drained by the effort!
  1563 | D:7      | Reached skill level 4 in Invocations
  1606 | D:7      | Your magical essence is drained by the effort!
  1613 | D:7      | Your magical essence is drained by the effort!
  1628 | D:7      | Reached skill level 9 in Axes
  1636 | D:7      | Reached skill level 5 in Invocations
  1636 | D:7      | Reached XP level 8. HP: 52/68 MP: 6/6
  1819 | D:8      | Reached skill level 10 in Axes
  1819 | D:8      | Reached skill level 6 in Invocations
  1867 | D:8      | Your magical essence is drained by the effort!
  1892 | D:9      | Found a staircase to the Lair.
  1892 | D:9      | Noticed an elephant
  1930 | D:9      | Killed an elephant
  1930 | D:9      | Reached ** piety under Makhleb
  1930 | D:9      | Reached skill level 11 in Axes
  1930 | D:9      | Reached skill level 7 in Invocations
  1930 | D:9      | Gained mutation: You passively map the area around you.
                  | [Deep Dwarf growth]
  1930 | D:9      | Reached XP level 9. HP: 59/74 MP: 8/8
  1946 | D:9      | Found a stormy altar of Qazlal.
  1990 | D:9      | Found Ninat's Book Emporium.
  1995 | D:9      | Found a bloodstained altar of Trog.
  2028 | D:9      | Reached skill level 8 in Invocations
  2055 | D:10     | Entered Level 10 of the Dungeon
  2066 | D:10     | Noticed a troll
  2082 | D:10     | Killed a troll
  2082 | D:10     | Reached skill level 12 in Axes
  2106 | D:9      | Found a radiant altar of Vehumet.
  2131 | D:10     | You fall into a shaft and drop 3 floors!
  2149 | D:13     | Noticed a wind drake
  2151 | D:13     | Your magical essence is drained by the effort!
  2176 | D:13     | Killed a wind drake
  2188 | D:13     | Noticed an ice dragon
  2200 | D:13     | Your magical essence is drained by the effort!
  2203 | D:13     | HP: 2/74 [snapping turtle (glowing shapeshifter) (19)]
  2204 | D:13     | Mangled by an ice dragon

Illustrated notes

Levels and vault maps discovered:
D:1:      lightli_arrival_boilingwater, layout_basic
D:2:      minmay_evil_eye, layout_rooms, uniq_robin, uniq_terence
D:3:      layout_loops_corners, ashenzari_conservatory_becter, minivault_25
D:4:      layout_loops_ring, minmay_temple_entry_glass, serial_shops,
          kennysheep_little_box, portal_sewer_entry_e
D:5:      layout_cave_pods, grunt_temple_overflow_gold_and_silver,
          lemuel_crystal_altar
D:6:      layout_basic, basic_altar, uniq_duvessa
D:7:      layout_cave_pools, lemuel_coloured_pillars_altar, grunt_decor_cap,
          corexii_item_surrounded_by_moat
D:8:      layout_cave_pods
D:9:      layout_irregular_city, grunt_temple_overflow_forces_of_nature,
          vehumet_statue, david_lair_generic, serial_shops, nicolae_shop_trees,
          basic_altar, serial_bayou_lagoon_a
D:10:     lemuel_insect_pit, layout_gridville, hiddenorc2_lemuel, basic_altar,
          serial_shops, shop, hangedman_decor_riveting
D:13:     layout_long_grid, david_vaults_4, serial_shops, shop,
          gammafunk_ghost_hive, nicolae_transmutations_shop, elyvilon_altar_3
Temple:   eino_narrow_crystal_temple

Skill      XL: |  1  2  3  4  5  6  7  8  9 |
---------------+----------------------------+-----
Axes           | 3 4 6 7 9 11 12 | 12.5
Evocations     | 2 |  2.0
Invocations    | 2 5 7 8 |  8.0
Fighting       | |  2.6
Armour         | |  3.2
Shields        | |  3.2

Action                   |  1- 3 |  4- 6 |  7- 9 || total
-------------------------+-------+-------+-------++-------
Melee: War axe           |    67 |   157 |   216 ||   440
Invok: Minor Destruction |       |       |     1 ||     1
 Abil: Heal Wounds       |     3 |     7 |    21 ||    31
Evoke: Wand              |       |       |     7 ||     7
  Use: Scroll            |       |    13 |     3 ||    16
       Potion            |       |     1 |     1 ||     2
Armor: Scale mail        |    43 |   126 |    23 ||   192
       Plate armour      |       |       |    72 ||    72
Dodge: Dodged            |    34 |    94 |    50 ||   178
Block: Kite shield       |    54 |   143 |   132 ||   329

Table legend: (Time is in decaauts)
 A = Elapsed time spent in this place.
 B = Non-inter-level travel time spent in this place.
 C = Inter-level travel time spent in this place.
 D = Time resting spent in this place.
 E = Time spent auto-exploring this place.
 F = Levels seen in this place.
 G = Mean time per level.
                   A        B        C        D        E       F      G
               +--------+--------+--------+--------+--------+-----+--------+
         Total |   2318 |   2177 |    141 |      0 |      0 |  13 |  178.3 |
       Dungeon |   2098 |   1957 |    141 |      0 |      0 |  11 |  190.7 |
        Temple |     16 |     16 |      0 |      0 |      0 |   1 |   16.0 |
         Sewer |    203 |    203 |      0 |      0 |      0 |   1 |  203.0 |
               +--------+--------+--------+--------+--------+-----+--------+

Top non-repeatable levels by time:
     D:4: 557 daAuts
     D:3: 287 daAuts
     D:5: 267 daAuts
     D:8: 246 daAuts
   Sewer: 203 daAuts
     D:9: 176 daAuts
     D:1: 139 daAuts
     D:7: 124 daAuts
     D:6: 89 daAuts
     D:2: 72 daAuts
    D:13: 72 daAuts
    D:10: 64 daAuts
  Temple: 16 daAuts
